 Dungeon Crawl Stone Soup version 0.19-a0-1008-g4c63d25 (webtiles) character file.

13752 FrancescoMac the Carver (level 11, -2/106 HPs)
             Began as a Minotaur Gladiator on July 22, 2016.
             Was a Follower of Uskayaw.
             Slain by a six-headed hydra (4 damage)
             ... on level 2 of the Lair of Beasts.
             The game lasted 00:59:56 (11244 turns).

FrancescoMac the Carver (Minotaur Gladiator)       Turns: 11244, Time: 00:59:57

Health: -2/106     AC:  8    Str: 19    XL:     11   Next: 79%
Magic:  6/13       EV: 32    Int:  5    God:    Uskayaw [*.....]
Gold:   337        SH:  0    Dex: 20    Spells: 0 memorised, 10 levels left

rFire  . . .     SeeInvis +     s - +4 spear
rCold  . . .     Gourm    .     F - +2 leather armour {rPois}
rNeg   . . .     Faith    .     (no shield)
rPois  +         Spirit   .     c - +1 hat
rElec  .         Dismiss  +     (no cloak)
rCorr  .         Reflect  .     o - +0 pair of gloves
SustAt .         Harm     .     j - +0 pair of boots
MR     .....                    v - amulet of dismissal
Stlth  +++.......               q - +5 ring of evasion
                                p - ring of see invisible

@: agile, not resistant to hostile enchantments, fairly stealthy
A: retaliatory headbutt, horns 2
a: Stomp, Renounce Religion


You were on level 2 of the Lair of Beasts.
You worshipped Uskayaw.
Uskayaw was noncommittal.
You were not hungry.

You visited 3 branches of the dungeon, and saw 13 of its levels.
You also visited: Ossuary.

You collected 545 gold pieces.
You spent 208 gold pieces at shops.

Inventory:

Hand Weapons
 a - a +1 long sword
 s - a +4 spear (weapon)
 t - a +0 falchion
 B - a +2 scimitar
Missiles
 d - 3 throwing nets (quivered)
Armour
 b - a +0 leather armour
 c - a +1 hat (worn)
 j - a +0 pair of boots (worn)
 o - a +0 pair of gloves (worn)
 F - a +2 leather armour of poison resistance (worn)
Jewellery
 e - a cursed ring of teleportation
 k - an uncursed ring of stealth
 p - a ring of see invisible (left hand)
 q - a +5 ring of evasion (right hand)
 v - an amulet of dismissal (around neck)
 C - an uncursed ring of wizardry
 N - a cursed ring of loudness
 O - an uncursed ring of flight {unknown}
 P - an uncursed ring of fire
Wands
 E - a wand of flame (5/48)
 J - a wand of disintegration (0/24)
 L - a wand of lightning (0/15)
 M - a wand of digging (6/24)
Scrolls
 h - 2 scrolls of fog
 i - 5 scrolls of enchant weapon
 m - a scroll of identify
 n - 5 scrolls of teleportation
 y - 3 scrolls of remove curse
 I - a scroll of enchant armour
 Q - a scroll of magic mapping
Potions
 g - 6 potions of degeneration
 l - 3 potions of brilliance
 z - 2 potions of curing
 K - a potion of ambrosia
Books
 u - a book of Battle

   Spells                             Type                      Level
   a - Infusion                       Charms                       1
   b - Shroud of Golubria             Charms/Translocation         2
   c - Song of Slaying                Charms                       2
   d - Spectral Weapon                Hexes/Charms                 3
   e - Regeneration                   Charms/Necromancy            3
 G - a Grand Grimoire

   Spells                             Type                      Level
   a - Monstrous Menagerie            Summoning                    7
   b - Summon Greater Demon           Summoning                    7
   c - Malign Gateway                 Summoning/Translocation      7
   d - Summon Horrible Things         Summoning                    8
Comestibles
 f - 5 bread rations
 r - 5 meat rations
 w - 29 fruits
 x - 2 slices of pizza


   Skills:
 + Level 12.8 Fighting
 + Level 12.9 Long Blades
 - Level 2.0 Throwing
 + Level 12.1 Dodging
 + Level 4.1 Invocations


You had 10 spell levels left.
You didn't know any spells.

Dungeon Overview and Level Annotations

Branches:
Dungeon (10/15)            Temple (1/1) D:4            Lair (2/6) D:10
 Spider (0/4) Lair:2          Orc (0/2) D:9
  Swamp: Lair:2-4    Shoals: Lair:2-4

Altars:
Ashenzari
Cheibriados
Dithmenos
Elyvilon
Fedhas
Gozag
Hepliaklqana
Kikubaaqudgha
Makhleb
Nemelex Xobeh
Okawaru
Pakellas
Qazlal
Ru
Sif Muna
Trog
Uskayaw
Vehumet
Xom
Yredelemnul
Zin
The Shining One

Shops:
D:7 *[(}(   D:9 %

Annotations:
D:10 exclusion: 2 oklob plants


Innate Abilities, Weirdness & Mutations

You reflexively headbutt those who attack you in melee.
You have a pair of horns on your head.


Message History

The six-headed hydra is severely wounded.
Evoking this partially-identified wand wasted a few charges.
The six-headed hydra completely misses you. x3
The six-headed hydra bites you but does no damage.
The six-headed hydra barely misses you.
The six-headed hydra completely misses you.
Evoke which item? (* to show all) (? for menu, Esc to quit)
Zapping:
E - a wand of flame {zapped: 8} (will waste charges)
Press: ? - help, Shift-Dir - straight line, f/p - six-headed hydra
Aim: a six-headed hydra (severely wounded)
The puff of flame hits the six-headed hydra.
The six-headed hydra is severely wounded.
Evoking this partially-identified wand wasted a few charges.
The six-headed hydra bites you!
* * * LOW HITPOINT WARNING * * *
The six-headed hydra closely misses you. x2
The six-headed hydra bites you.
* * * LOW HITPOINT WARNING * * *
The six-headed hydra bites you.
You die...

#####............#..(.(..[..
###P###.....#.....#...8..>..8†
#...........##...#.........(.†
#.P######........#.......8..††
#.## ##...#..#.....#.....#.
##.# #P......#..8..#.......
#..# #.....<#.....##..8..#.
#P.# ##..)D........#......#
##.# #####@.......##......#
##.# ####..#.#..#.....##.....##
#..# ..+.>.+.#..P......##.#..##
##.###^≈.s.≈.#............P..#.
#.##.^≈≈≈≈≈.#.#...............
#.##...≈≈....##.###........#.#
#.#.#..##...##^.# #.........##
#.#...#..#.#^.#...# #....P..###
#....#.##.#^.#^..# #....P...#


You could see a six-headed hydra.

Vanquished Creatures
  A hydra (Lair:2)
  Sonja (Lair:2)
  Nergalle (Lair:2)
  An unseen horror (D:10)
  Pikel (D:6)
  The ghost of epen the Chopper, a novice HOWr (Ossuary)
  A black mamba (Lair:1)
  4 spiny frogs
  Grinder (D:4)
  2 two-headed ogres
  12 yaks
  2 hippogriffs
  Edmund (D:6)
  2 water moccasins (D:8)
  2 porcupines (Lair:1)
  Duvessa (D:4)
  7 orc warriors
  3 black bears
  An ice beast (D:10)
  A phantom (D:9)
  A wasp (D:10)
  3 ogres
  2 slaves (D:6)
  6 wolves (Lair:1)
  3 centaurs
  4 crocodiles
  2 big kobolds
  Blork the orc (D:4)
  2 elf zombies (Ossuary)
  13 giant frogs
  2 scorpions (D:6)
  A water moccasin skeleton (D:5)
  Dowan (D:4)
  A howler monkey (D:9)
  4 crimson imps
  A jelly (D:8)
  3 human zombies (Ossuary)
  2 quasits
  3 hounds
  A giant frog zombie (D:6)
  2 gnoll shamans
  5 orc priests
  3 centaur skeletons
  2 giant frog skeletons
  4 iguanas
  15 orc wizards
  3 hell rats (D:6)
  2 worker ants
  A killer bee zombie (D:9)
  4 sheep (Lair:1)
  2 hound skeletons
  2 mummies (Ossuary)
  11 gnolls
  11 adders
  19 river rats
  A shadow imp (D:8)
  3 oozes
  3 adder zombies
  An adder skeleton (D:4)
  A worm (D:2)
  A dart slug (D:1)
  6 giant geckos
  55 orcs
  2 bats (D:1)
  2 giant cockroaches (D:3)
  3 goblins
  4 hobgoblins
  19 jackals
  2 quokkas
  2 ball pythons
  A giant gecko skeleton (D:8)
  A goblin zombie (Ossuary)
  9 hobgoblin zombies (Ossuary)
  2 jackal zombies (Ossuary)
  18 kobolds
  6 kobold zombies (Ossuary)
  10 orc zombies (Ossuary)
  A quokka zombie (D:7)
  29 rats
  2 rat zombies (Ossuary)
  A plant (D:10)
373 creatures vanquished.

Vanquished Creatures (others)
  8 fungi (Lair:2)
  3 plants
11 creatures vanquished.

Grand Total: 384 creatures vanquished

Notes
Turn   | Place    | Note
-------+----------+-------------------------------------------
     0 | D:1      | FrancescoMac the Minotaur Gladiator began the quest for the Orb.
     0 | D:1      | Reached XP level 1. HP: 18/18 MP: 0/0
   227 | D:1      | Reached XP level 2. HP: 23/25 MP: 1/1
   734 | D:2      | Reached XP level 3. HP: 31/31 MP: 2/2
  1594 | D:3      | Reached XP level 4. HP: 34/40 MP: 3/3
  1642 | D:3      | Found a white marble altar of Elyvilon.
  1951 | D:4      | Noticed Duvessa
  1951 | D:4      | Noticed Dowan
  1966 | D:4      | Found a staircase to the Ecumenical Temple.
  1984 | Temple   | Entered the Ecumenical Temple
  2092 | Temple   | Became a worshipper of Uskayaw the Reveler
  2153 | D:4      | Reached XP level 5. HP: 44/47 MP: 4/4
  2153 | D:4      | Reached * piety under Uskayaw
  2163 | D:4      | Noticed Blork the orc
  2174 | D:4      | Reached ** piety under Uskayaw
  2176 | D:4      | Killed Blork the orc
  2176 | D:4      | Reached skill level 5 in Long Blades
  2357 | D:4      | Noticed an ogre
  2363 | D:4      | Reached *** piety under Uskayaw
  2365 | D:4      | Killed Dowan
  2365 | D:4      | Reached skill level 5 in Fighting
  2365 | D:4      | Reached skill level 5 in Dodging
  2365 | D:4      | Killed an ogre
  2365 | D:4      | Reached XP level 6. HP: 36/56 MP: 5/5
  2365 | D:4      | Reached **** piety under Uskayaw
  2369 | D:4      | Reached ***** piety under Uskayaw
  2375 | D:4      | Killed Duvessa
  2694 | D:4      | Noticed Grinder
  2701 | D:4      | Paralysed by Grinder for 2 turns
  2712 | D:4      | Killed Grinder
  2712 | D:4      | Reached XP level 7. HP: 5/63 MP: 6/6
  3038 | D:5      | Entered Level 5 of the Dungeon
  3983 | D:6      | Reached XP level 8. HP: 52/71 MP: 7/7
  3992 | D:6      | Noticed Edmund
  4002 | D:6      | Killed Edmund
  4072 | D:6      | Noticed Pikel
  4090 | D:6      | Killed Pikel
  4597 | D:7      | Found Nux Kea's General Store.
  4722 | D:7      | Reached XP level 9. HP: 82/82 MP: 8/8
  4986 | D:7      | Found a sand-covered staircase.
  4998 | Ossuary  | Entered an ossuary
  5087 | Ossuary  | Noticed epen's ghost (novice HOWr)
  5158 | Ossuary  | Killed epen's ghost
  5299 | D:7      | Found Veigraru's Gadget Boutique.
  5327 | D:7      | Found Caeq's Antique Weapon Shoppe.
  5401 | D:7      | Found Huto Ruu's Armour Boutique.
  5407 | D:7      | Bought a +2 leather armour of poison resistance for 208 gold pieces
  5641 | D:7      | Found Zeerinevia's Antique Weapon Shoppe.
  5909 | D:8      | Reached skill level 10 in Fighting
  5909 | D:8      | Reached skill level 10 in Long Blades
  6063 | D:8      | Found a glowing golden altar of the Shining One.
  6223 | D:8      | Reached XP level 10. HP: 73/94 MP: 9/9
  6589 | D:9      | Reached skill level 10 in Dodging
  6713 | D:9      | Found Niredd's Food Shop.
  6950 | D:9      | Reached ****** piety under Uskayaw
  7011 | D:9      | Found a staircase to the Orcish Mines.
  7138 | D:10     | Entered Level 10 of the Dungeon
  7173 | D:10     | Found a staircase to the Lair.
  7177 | D:10     | Noticed an oklob plant
  7177 | D:10     | Noticed an oklob plant
  7308 | D:10     | Noticed an unseen horror
  7320 | D:10     | Killed an unseen horror
  8346 | Lair:1   | Entered Level 1 of the Lair of Beasts
  8353 | Lair:1   | Reached XP level 11. HP: 90/104 MP: 10/10
  8664 | Lair:1   | Reached skill level 1 in Invocations
  9627 | Lair:2   | Noticed Nergalle
  9654 | Lair:2   | Killed Nergalle
  9661 | Lair:2   | Noticed a seven-headed hydra
  9670 | Lair:2   | Noticed Sonja
  9988 | Lair:2   | Killed Sonja
 10255 | Lair:2   | Killed a seven-headed hydra
 10498 | Lair:2   | Noticed a five-headed hydra
 11024 | Lair:2   | Found a hole to the Spider Nest.
 11024 | Lair:2   | Noticed an orb spider
 11244 | Lair:2   | HP: 2/106 [six-headed hydra (4)]
 11244 | Lair:2   | Slain by a six-headed hydra

Vault maps used:
D:1:      dpeg_arrival_round_a
D:3:      elyvilon_altar_5
D:4:      first_bread, uniq_menkaure, uniq_grinder, uniq_duvessa,
          uniq_blork_the_orc
D:6:      lemuel_ratsnest, uniq_pikel, uniq_edmund
D:7:      serial_shops, shop, shop, nicolae_shop_stone, kennysheep_mini_moat,
          nicolae_shop_trees, chequers_ossuary_entry_cave
D:8:      serial_curves, eino_curves_02, eino_curves_02, eino_curves_02,
          basic_altar, blue_anna_alchemist, grunt_ministairs_14
D:9:      david_orc_4, serial_shops, shop_statue
D:10:     dpeg_oklobed_lair
Temple:   kilobyte_greek_temple
Lair:1:   st_stairs_9, grunt_megastairs_5, infiniplex_staircase_pool
Lair:2:   nicolae_spider_entry_orb_guardian, grunt_megastairs_3, uniq_sonja,
          uniq_nergalle
Ossuary:  ossuary_tomb_1

Skill      XL: |  1  2  3  4  5  6  7  8  9 10 11 |
---------------+----------------------------------+-----
Fighting       | 3 4 5 6 8 10 11 12 | 12.8
Long Blades    | 4 5 6 7 8 10 11 12 | 12.9
Dodging        | 4 5 6 8 9 11 12 | 12.1
Invocations    | 4 |  4.1
Throwing       | |  2.0

Action                   |  1- 3 |  4- 6 |  7- 9 | 10-12 || total
-------------------------+-------+-------+-------+-------++-------
Melee: Long sword        |    93 |    87 |   492 |   482 ||  1154
       Headbutt          |    17 |    20 |   105 |   151 ||   293
       Spear             |       |       |       |    32 ||    32
       Scimitar          |       |       |       |    29 ||    29
Invok: Line Pass         |       |       |     1 |     3 ||     4
Evoke: Wand              |       |       |       |    11 ||    11
  Use: Potion            |     5 |     1 |     1 |     9 ||    16
       Scroll            |     7 |     2 |     8 |     5 ||    22
 Stab: Paralysed         |       |     2 |     7 |    22 ||    31
       Sleeping          |       |       |       |     1 ||     1
  Eat: Meat ration       |     1 |       |       |       ||     1
       Chunk             |       |     1 |     8 |    13 ||    22
       Bread ration      |       |       |     1 |       ||     1
       Beef jerky        |       |       |       |     2 ||     2
       Royal jelly       |       |       |       |     1 ||     1
Armor: Leather armour    |    11 |    14 |    49 |    48 ||   122
Dodge: Dodged            |    62 |    48 |   297 |   480 ||   887
